AoeStats
← ivcrk826

Hill Fort

506387482Analyzed
4v4 RM · 19d ago on Sep 13, 2026· 44m 0s· 8 players
Game mode
Random Map
Map size
Large (8 player)
Population
200
Speed
Normal
Resources
Standard
Victory
Conquest
Starting age
Dark Age
Ending age
Imperial Age
RankedLock teamsTeams togetherTeam positionsShared explorationLock speedFull tech treeHidden civsTurbo modeCheats
Victory
Defeat
🇰🇷 Mongols · South Korea
1524
+13
🇰🇷 Britons · South Korea
1499
+14
🇨🇴 Spanish · Colombia
1439
+16
🇺🇸 Franks · United States
1397
+18
🇦🇷 Saracens · Argentina
1465
-16
🇧🇷 Huns · Brazil
1463
-16
1453
-15
🇨🇿 Dravidians · Czechia
1427
-14
我放了个屁她顺风追了
10:58 Feudal Age
12:38 Loom
16:45 Castle Age
15:02 Double-Bit Axe
15:29 Horse Collar
15:55 Fletching
17:32 Wheelbarrow
18:48 Bow Saw
24:05 Ballistics
26:27 Bodkin Arrow
31:51 Imperial Age
29:26 Stone Mining
30:15 Masonry
30:17 Padded Archer Armor
31:39 Husbandry
31:50 Bloodlines
31:59 Leather Archer Armor
32:31 Nomads
33:43 Chemistry
34:48 Bracer
35:39 Town Watch
36:44 Conscription
36:44 Elite Mangudai
38:24 Parthian Tactics
41:18 Capped Ram
43:01 Conscription
43:16 Hoardings
43:24 Caravan
ivcrk826
5:50 Loom
9:00 Feudal Age
10:03 Double-Bit Axe
15:07 Fletching
22:15 Castle Age
21:21 Padded Archer Armor
21:12 Horse Collar
21:49 Gold Mining
22:22 Crossbowman
22:59 Bodkin Arrow
24:25 Ballistics
25:40 Heavy Plow
27:47 Bow Saw
33:04 Imperial Age
34:15 Bracer
35:35 Thumb Ring
37:17 Wheelbarrow
37:43 Arbalester
41:45 Chemistry
42:10 Conscription
42:49 Fortified Wall
42:20 Treadmill Crane
42:58 Elite Skirmisher
polom.s1989
10:06 Loom
15:50 Feudal Age
16:40 Double-Bit Axe
17:40 Horse Collar
18:15 Fishing Lines
25:44 Castle Age
27:48 Gillnets
28:32 Bow Saw
31:35 Imperial Age
30:44 Wheelbarrow
31:48 Fletching
31:58 Padded Archer Armor
32:07 Elite Skirmisher
32:45 Bodkin Arrow
34:03 Chemistry
33:23 Ballistics
34:05 Leather Archer Armor
34:52 Bracer
35:22 Ring Archer Armor
40:40 Ring Archer Armor
40:21 Forging
39:36 Pikeman
40:01 Gambesons
40:02 Arson
逆·风
11:35 Feudal Age
13:38 Loom
16:00 Castle Age
14:11 Double-Bit Axe
14:35 Horse Collar
15:04 Fletching
16:07 Bloodlines
17:36 Padded Archer Armor
18:06 Husbandry
19:30 Town Watch
22:39 Bodkin Arrow
24:52 Leather Archer Armor
26:03 Wheelbarrow
26:35 Ballistics
26:33 Thumb Ring
38:08 Imperial Age
38:39 Hand Cart
39:18 Parthian Tactics
38:55 Bracer
39:37 Conscription
39:17 Elite Skirmisher
41:41 Chemistry
42:56 Heavy Cavalry Archer
LowEcoLegend
8:56 Feudal Age
9:33 Double-Bit Axe
15:24 Wheelbarrow
19:13 Castle Age
21:20 Bow Saw
23:04 Scale Barding Armor
23:03 Padded Archer Armor
24:16 Chain Barding Armor
24:25 Husbandry
27:32 Loom
28:29 Gold Mining
29:27 Forging
29:47 Hand Cart
36:13 Imperial Age
34:38 Iron Casting
36:19 Cavalier
37:36 Plate Barding Armor
37:27 Conscription
38:15 Chivalry
39:26 Blast Furnace
40:10 Paladin
THE CID
11:05 Feudal Age
15:18 Castle Age
13:23 Double-Bit Axe
14:00 Horse Collar
15:37 Gold Mining
17:46 Wheelbarrow
20:48 Heavy Plow
21:28 Forging
23:58 Hand Cart
25:11 Fletching
26:10 Padded Archer Armor
26:51 Loom
27:13 Fletching
28:24 Iron Casting
28:02 Bodkin Arrow
37:38 Imperial Age
38:25 Elite Conquistador
43:08 Light Cavalry
남조선사람
10:59 Feudal Age
11:55 Loom
14:56 Castle Age
13:13 Double-Bit Axe
13:38 Horse Collar
17:20 Bow Saw
22:06 Fletching
25:14 Wheelbarrow
26:03 Ballistics
26:34 Bodkin Arrow
30:34 Imperial Age
28:07 Gold Mining
28:43 Padded Archer Armor
28:58 Stone Mining
29:46 Yeomen
29:43 Leather Archer Armor
30:31 Hand Cart
30:19 Town Watch
31:16 Bracer
32:46 Chemistry
31:49 Elite Longbowman
33:17 Ring Archer Armor
33:31 Warwolf
34:51 Two-Man Saw
35:30 Conscription
35:17 Siege Engineers
36:39 Hoardings
36:35 Caravan
37:12 Masonry
36:57 Murder Holes
37:50 Scale Mail Armor
38:00 Forging
38:59 Coinage
38:54 Chain Mail Armor
39:38 Architecture
39:03 Pikeman
39:44 Squires
39:29 Gambesons
39:05 Man-at-Arms
39:30 Arson
40:21 Iron Casting
40:47 Gold Shaft Mining
40:09 Halberdier
41:21 Plate Mail Armor
41:06 Long Swordsman
42:47 Blast Furnace
41:59 Two-Handed Swordsman
42:40 Champion
43:04 Treadmill Crane
43:56 Banking
44:45 Guilds
BaniWang
10:21 Feudal Age
10:55 Horse Collar
17:29 Loom
19:59 Castle Age
17:46 Double-Bit Axe
19:25 Gold Mining
19:30 Stone Mining
21:04 Heavy Plow
21:14 Bow Saw
21:40 Fletching
22:15 Bodkin Arrow
23:08 Stone Shaft Mining
24:05 Wheelbarrow
24:12 Padded Archer Armor
27:08 Hand Cart
29:45 Imperial Age
28:08 Bloodlines
27:59 Husbandry
28:53 Leather Archer Armor
30:19 Ballistics
30:17 Town Watch
30:39 Bracer
32:52 Chemistry
32:19 Conscription
33:33 Parthian Tactics
37:11 Forging
37:06 Scale Barding Armor
36:39 Light Cavalry
37:03 Elite Mangudai
37:56 Scale Mail Armor
39:29 Iron Casting
39:16 Chain Barding Armor
40:30 Masonry
42:20 Hussar
43:37 Iron Casting
Connection lost

Rejoining the realm…

Still unreachable

The connection could not be restored.

Session expired

The server has moved on; the page needs a fresh start.